 Dungeon Crawl Stone Soup version 0.19.0-19-g8c6edcc (webtiles) character file.

124 Monkfish the Cutter (level 5, 0/49 HPs)
             Began as a Kobold Berserker on Nov 13, 2016.
             Was a Believer of Trog.
             Succumbed to an adder's poison
             ... on level 3 of the Dungeon.
             The game lasted 00:03:43 (1713 turns).

Monkfish the Cutter (Kobold Berserker)              Turns: 1713, Time: 00:03:44

Health: 0/49       AC:  3    Str: 20    XL:     5   Next: 30%
Magic:  5/5        EV: 15    Int:  8    God:    Trog [**....]
Gold:   85         SH:  0    Dex: 15    Spells: 0 memorised, 4 levels left

rFire  . . .     SeeInvis .     a - +0 short sword
rCold  . . .     Gourm    .     i - -1 leather armour (curse)
rNeg   . . .     Faith    .     (shield restricted)
rPois  .         Spirit   .     (no helmet)
rElec  .         Reflect  .     (no cloak)
rCorr  .         Harm     .     g - +0 pair of gloves
MR     .....                    (no boots)
Stlth  ..........               (no amulet)
                                (no ring)
                                (no ring)

@: berserking, lethally poisoned (0 -> -3), slowed
A: carnivore 3
a: Berserk, Trog's Hand, Burn Spellbooks, Renounce Religion


You were on level 3 of the Dungeon.
You worshipped Trog.
Trog was pleased with you.
You were not hungry.

You visited 1 branch of the dungeon, and saw 3 of its levels.

You collected 85 gold pieces.

Inventory:

Hand Weapons
 a - a +0 short sword (weapon)
Armour
 g - a +0 pair of gloves (worn)
 i - a cursed -1 leather armour (worn)
Jewellery
 b - an uncursed ring of flight {unknown}
Scrolls
 d - 2 scrolls of recharging
 e - a scroll of fear
 f - a scroll of fog {unknown}
 j - a scroll of immolation
 k - a scroll of enchant weapon {unknown}
Potions
 h - a potion of might
Comestibles
 c - 2 meat rations


   Skills:
 + Level 4.0 Fighting
 + Level 5.4 Short Blades
 - Level 1.5 Armour
 + Level 3.0 Dodging
 * Level 3.7 Stealth


You had 4 spell levels left.
You didn't know any spells.

Dungeon Overview and Level Annotations

Branches:
Dungeon (3/15)

Altars:


Innate Abilities, Weirdness & Mutations

You are small and have problems with some larger weapons.
You are carnivorous and can eat meat at any time.


Message History

The adder hisses angrily.
You hit the worm.
The worm is lightly wounded.
The worm bites you! The adder bites you but does no damage.
You hit the worm.
The worm is lightly wounded.
The adder misses you. The worm barely misses you. The adder bites you.
* * * LOW HITPOINT WARNING * * *
You are too injured to fight recklessly!
You are too injured to fight recklessly!
A red film seems to cover your vision as you go berserk!
You feel yourself moving faster!
You feel mighty!
You feel a lot more hungry. The adder bites you.
* * * LOW HITPOINT WARNING * * *
You are poisoned.
The adder poisons you! The adder closely misses you. The worm bites you!
* * * LOW HITPOINT WARNING * * *
You puncture the worm!
The worm is moderately wounded.
You die...

##########....##
###..#***
.........†.##.##* #....#
,######.####*...* #.#..#
** #...# *...## #<#..# *
##.### *#...# ##.#..#
#..# *...## #..#..# #.##
**#..# ##.....# ###.#
#wS# #..###.# #...#
#@.#####..# #.# #.###
######.........# #(#
#.########........####.##
#.# ##.##.......####...#
#.# #.## #.....#######
#.#.# #.# #..#
...####***** #...## #.#
##.##
....,,,,,,,****###..# #.#
#..# .###******,,,,**
#..###.# ##.## .* ****,,*
#..[.#.# #..#


You could see a worm and an adder.

Vanquished Creatures
  Natasha (twice) (D:3)
  2 adders
  A dart slug (D:1)
  A leopard gecko (D:2)
  3 orcs (D:3)
  5 giant cockroaches
  4 goblins
  4 hobgoblins
  3 jackals (D:1)
  5 kobolds
  A ball python (D:2)
  7 bats
  2 frilled lizards
  12 rats
52 creatures vanquished.

Notes
Turn   | Place    | Note
-------+----------+-------------------------------------------
     0 | D:1      | Monkfish the Kobold Berserker began the quest for the Orb.
     0 | D:1      | Reached XP level 1. HP: 14/14 MP: 1/1
   202 | D:1      | Reached skill level 1 in Stealth
   202 | D:1      | Reached XP level 2. HP: 19/19 MP: 2/2
   446 | D:1      | Reached XP level 3. HP: 23/23 MP: 3/3
   946 | D:2      | Reached ** piety under Trog
  1157 | D:2      | Reached XP level 4. HP: 29/29 MP: 4/4
  1291 | D:2      | Reached skill level 5 in Short Blades
  1615 | D:3      | Noticed Natasha
  1624 | D:3      | Killed Natasha
  1624 | D:3      | Reached XP level 5. HP: 33/33 MP: 5/5
  1635 | D:3      | Noticed Natasha
  1653 | D:3      | Killed Natasha
  1712 | D:3      | HP: 1/49 [worm (8)]
  1713 | D:3      | Succumbed to an adder's poison

Skill      XL: |  1  2  3  4  5 |
---------------+----------------+-----
Stealth        | 1 2 3 |  3.7
Short Blades   | 5 |  5.4
Fighting       | 4 |  4.0
Dodging        | 3 |  3.0
Armour         | |  1.5

Action                   |  1- 3 |  4- 6 || total
-------------------------+-------+-------++-------
Melee: Short sword       |   108 |    74 ||   182
Invok: Berserk           |       |     3 ||     3
       Trog's Hand       |       |     3 ||     3
  Use: Scroll            |     4 |     2 ||     6
       Potion            |     1 |     1 ||     2
 Stab: Sleeping          |    11 |       ||    11
  Eat: Chunk             |     8 |     1 ||     9
Armor: Animal skin       |    15 |       ||    15
       Leather armour    |     4 |    15 ||    19
Dodge: Dodged            |    68 |    54 ||   122
